cohdb
Replays
Latest Replays
All Replays
Popular Replays
Top Player Replays
Match Explorer
How It Works
Community
CoH3 Stats
Reddit
Sign in to upload your games and track your stats! →
Sign in with Steam
Match 41683831
Unlisted
Match 41683831
Overview
Messages
Build Orders
End
Construct Section Command Post
Infantry Section
Selects Air and Sea Battlegroup
Infantry Section
Grenade Package
Vickers Machine Gun Team
Construct Field Infirmary
Selects Supply Surplus
Construct Resource Cache
Construct Resource Cache
Construct Platoon Command Post
Unlock M3 Stuart Light Tanks
Construct Resource Cache
M3 Stuart Light Tank
Selects Commando Section Paradrop
Construct Resource Cache
Commando Section Paradrop
Unlock Bishop Self-propelled Artillery
Bishop Self-propelled Artillery
Selects UNKNOWN (223837)
Vickers Machine Gun Team
Infantry Section
6-pounder Anti-tank Gun Team
Commando Section Paradrop
Construct Company Command Post
Vickers Machine Gun Team
Selects Naval Bombardment
Naval Bombardment
Count Oddjob
MetelStairs
Shimmy Sham
WellMisty
Metalharl
RommelF
^3
Africanoblanco
0
0
Comments
sign in to comment!
No comments posted yet!